 Dungeon Crawl Stone Soup version 0.30-a0-830-gfe289a77b0 (webtiles) character file.

Game seed: 6788248644045480081

420 Nacht the Digger (level 6, 0/41 HPs)
             Began as a Demonspawn Earth Elementalist on Feb 28, 2023.
             Was a Believer of Vehumet.
             Slain by Pikel
             ... wielding a +2 whip of flaming
              (3 damage)
             ... on level 4 of the Dungeon.
             The game lasted 00:04:39 (3520 turns).

Nacht the Digger (Demonspawn Earth Elementalist)    Turns: 3520, Time: 00:04:40

Health: 0/41       AC:  3    Str:  8    XL:     6   Next: 62%
Magic:  1/11       EV: 12    Int: 19    God:    Vehumet [**....]
Gold:   223        SH:  4    Dex: 13    Spells: 5/11 levels left

rFire   . . .      SeeInvis .    b - +1 dagger (protect)
rCold   . . .      Faith    .    (no shield)
rNeg    . . .      Spirit   .    a - +0 robe
rPois   .          Reflect  .    (helmet restricted)
rElec   .          Harm     .    g - +0 cloak
rCorr   .          Rampage  .    (no gloves)
Will    .....                    (no boots)
Stlth   ++                       (no amulet)
HPRegen 0.26/turn                (no ring)
MPRegen 0.12/turn                (no ring)

@: no status effects
A: horns 1, large bone plates 1, foul stench 1, condensation shield
a: Renounce Religion


You were on level 4 of the Dungeon.
You worshipped Vehumet.
Vehumet was pleased with you.
You visited 1 branch of the dungeon, and saw 5 of its levels.

You collected 223 gold pieces.

Inventory:

Hand Weapons
 b - a +1 dagger of protection (weapon)
Armour
 a - a +0 robe (worn)
 g - a +0 cloak (worn)
Jewellery
 n - a ring of fire
Scrolls
 c - a scroll of fear {unknown}
 d - 2 scrolls of teleportation {unknown}
 f - a scroll of poison {unknown}
 i - 3 scrolls of identify {unknown}
 j - a scroll of brand weapon {unknown}
 l - a scroll of noise {unknown}
Potions
 e - 2 potions of lignification {unknown}
 h - 2 potions of curing {unknown}
 k - a potion of might {unknown}
 m - a potion of experience {unknown}
 o - a potion of resistance {unknown}


   Skills:
 - Level 1.7 Dodging
 - Level 1.7 Stealth
 + Level 3.3 Spellcasting
 + Level 4.0 Conjurations
 - Level 0.8 Transmutations
 + Level 4.9 Earth Magic


You had 5 spell levels left.
You knew the following spells:

 Your Spells              Type           Power      Damage    Failure   Level
a - Sandblast             Erth           42%        2d11      1%          1
b - Stone Arrow           Conj/Erth      40%        3d9       7%          3
w - Passwall              Tmut/Erth      11%        N/A       7%          2

Your spell library contained the following spells:

 Spells                   Type           Power      Damage    Failure   Level
 Kiss of Death            Conj/Necr      40%        2d8       6%          1
 Magic Dart               Conj           72%        1d6       2%          1
 Searing Ray              Conj           36%        2d5       4%          2
 Momentum Strike          Conj/Tloc      20%        3d8       10%         2
 Blink                    Tloc           6%         N/A       22%         2
 Lesser Beckoning         Tloc           6%         N/A       22%         2
 Petrify                  Tmut/Erth      14%        N/A       41%         4
 Fulminant Prism          Conj/Hex       5%         3d7       54%         4
 Conjure Ball Lightning   Conj/Air       5%         3x3d6     100%        6
 Discord                  Hex            1%         N/A       100%        8
 Disjunction              Tloc           1%         N/A       100%        8


Dungeon Overview and Level Annotations

Branches:
Dungeon (5/15)
 Temple: D:4-7

Altars:
Vehumet

Shops:
D:3 :

Annotations:
D:3 1 runed translucent door, PLAYERX's ghost, amateur GnWn
D:4 Pikel
D:5 Edmund


Innate Abilities, Weirdness & Mutations

You have a pair of small horns on your head.
You are partially covered in large bone plates. (SH +4)
You may rarely emit foul miasma when damaged in melee.
A meltable shield of frost defends you. (SH +0)


Message History

The blast of sand misses Pikel.
Pikel misses you. The lemure hits you.
Pikel hits you with a +2 whip of flaming!
Pikel burns you.
* * * LOW HITPOINT WARNING * * *
The lemure hits you.
* * * LOW HITPOINT WARNING * * *
Casting: Sandblast (safe; 1% risk of failure)
Confirm with . or Enter, or press ? or * to list all spells.
Aiming: Sandblast (safe; 1% risk of failure)
Press: ? - help, Shift-Dir - straight line, f/p - Pikel
Aim: Pikel, wielding a +2 whip of flaming and wearing a +0 robe of cold resistance (heavily wounded, 79% to hit)
Okay, then.
Casting: Sandblast (safe; 1% risk of failure)
Confirm with . or Enter, or press ? or * to list all spells.
Aiming: Stone Arrow (dangerous; 7% risk of failure)
Press: ? - help, Shift-Dir - straight line, f/p - Pikel
Aim: Pikel, wielding a +2 whip of flaming and wearing a +0 robe of cold resistance (heavily wounded, 64% to hit)
The stone arrow misses Pikel.
Pikel barely misses you. You block the lemure's attack.
Casting: Stone Arrow (dangerous; 7% risk of failure)
Confirm with . or Enter, or press ? or * to list all spells.
Aiming: Stone Arrow (dangerous; 7% risk of failure)
Press: ? - help, Shift-Dir - straight line, f/p - Pikel
Aim: Pikel, wielding a +2 whip of flaming and wearing a +0 robe of cold resistance (heavily wounded, 64% to hit)
The stone arrow hits Pikel!
Pikel is severely wounded.
Pikel closely misses you. The lemure hits you but does no damage.
Casting: Stone Arrow (dangerous; 7% risk of failure)
Confirm with . or Enter, or press ? or * to list all spells.
You don't have enough magic to cast this spell.
Casting: Stone Arrow (dangerous; 7% risk of failure)
Confirm with . or Enter, or press ? or * to list all spells.
Aiming: Sandblast (safe; 1% risk of failure)
Press: ? - help, Shift-Dir - straight line, f/p - Pikel
Aim: Pikel, wielding a +2 whip of flaming and wearing a +0 robe of cold resistance (severely wounded, 79% to hit)
The blast of sand misses Pikel.
Pikel hits you with a +2 whip of flaming.
* * * LOW HITPOINT WARNING * * *
Pikel burns you.
You die...

#.#############.###
#.........# #.# *#########.#
#.# *,,,,* #.# #.# ******
*,,,,* #.# #.# *,,,,, *,,,,*
#.# #.# *,,,,, *,,,,* #.# #.#
*[,,,,
*,...#####.#####.#######*,,,,,
*,...........@K5...)....,,,,,,
*,.>.........5##.#######*,,,,,
*,...########..#.# ******
****,.,,* #...#.# ,,,,,,,,*
#...#.# ,,,,,,,** #.....#
,,,,,,,* #.....#######
,,,,,,,* #...#.......#**
,,,,,,,* #####.#####...**


You could see Pikel and 2 lemures.

Vanquished Creatures
  Eustachio (D:4)
  A lemure (D:4)
  A scorpion (D:4)
  A howler monkey (D:4)
  A hound (D:4)
  An orc wizard (D:3)
  3 adders
  3 worms
  5 orcs
  5 ball pythons
  7 endoplasms
  5 giant cockroaches
  10 goblins
  3 hobgoblins
  3 jackals (D:4)
  5 quokkas
  4 bats
  5 frilled lizards
  5 kobolds
  5 rats
74 creatures vanquished.

Notes
Turn   | Place    | Note
-------+----------+-------------------------------------------
     0 | D:1      | Nacht the Demonspawn Earth Elementalist began the quest for
                  | the Orb.
     0 | D:1      | Reached XP level 1. HP: 13/13 MP: 3/3
   121 | D:2      | Gained mutation: You have a pair of small horns on your
                  | head. [demonic ancestry]
   121 | D:2      | Reached XP level 2. HP: 18/19 MP: 0/5
   503 | D:1      | Found a faded altar of an unknown god.
   506 | D:1      | Gained mutation: You may rarely emit foul miasma when
                  | damaged in melee. [demonic ancestry]
   506 | D:1      | Reached XP level 3. HP: 24/24 MP: 4/6
   561 | D:1      | Prayed at the altar of an unknown god.
   561 | D:1      | Became a worshipper of Vehumet
   561 | D:1      | Reached * piety under Vehumet
   561 | D:1      | Offered knowledge of Magic Dart by Vehumet.
   730 | D:1      | Learned a level 3 spell: Stone Arrow
   733 | D:1      | Learned a level 2 spell: Passwall
  1358 | D:2      | Reached skill level 1 in Conjurations
  1658 | D:3      | Found Quobas's Book Boutique.
  1663 | D:3      | Gained mutation: You are partially covered in large bone
                  | plates. (SH +4) [demonic ancestry]
  1663 | D:3      | Reached XP level 4. HP: 30/30 MP: 5/7
  2052 | D:3      | Reached ** piety under Vehumet
  2052 | D:3      | Offered knowledge of Kiss of Death by Vehumet.
  2172 | D:3      | Found a runed translucent door.
  2247 | D:3      | Noticed PLAYERX's ghost (amateur GnWn)
  2258 | D:4      | Noticed a scorpion
  2262 | D:4      | Killed a scorpion
  2263 | D:4      | Gained mutation: A meltable shield of frost defends you.
                  | (SH +0) [demonic ancestry]
  2263 | D:4      | Reached XP level 5. HP: 31/35 MP: 6/9
  2532 | D:4      | Noticed a lemure
  2533 | D:4      | Noticed a lemure
  2563 | D:5      | Entered Level 5 of the Dungeon
  2582 | D:5      | Noticed Edmund
  2606 | D:4      | Killed a lemure
  2790 | D:4      | Reached XP level 6. HP: 41/41 MP: 10/10
  2926 | D:4      | Noticed Eustachio
  2944 | D:4      | Killed Eustachio
  3509 | D:4      | Noticed Pikel
  3520 | D:4      | Slain by Pikel

Illustrated notes

Levels and vault maps discovered:
D:1:      dpeg_arrival_simpleton_b, layout_rooms,
          hellmonk_ecumenical_altar_zigzags, amethyst_killhole,
          minmay_misc_feat_iff, chequers_serial_rivers_small_a
D:2:      layout_basic
D:3:      layout_rooms, ebering_ghost_sewer_d, serial_shops,
          nicolae_shop_hallway_plus
D:4:      layout_basic, hex_tiny, uniq_pikel, uniq_eustachio
D:5:      layout_gridville, cheibriados_altar_1, gup_sewer_entry_bowl,
          uniq_edmund, uniq_crazy_yiuf_cottage

Skill      XL: |  1  2  3  4  5  6 |
---------------+-------------------+-----
Earth Magic    | 3 4 |  4.9
Conjurations   | 1 2 3 4 |  4.0
Spellcasting   | 3 |  3.3
Dodging        | |  1.7
Stealth        | |  1.7
Transmutations | |  0.8

Action                     |  1- 3 |  4- 6 || total
---------------------------+-------+-------++-------
  Melee: Dagger            |     6 |     4 ||    10
   Cast: Sandblast         |    55 |    77 ||   132
         Stone Arrow       |       |     3 ||     3
    Use: Potion            |     1 |       ||     1
 Armour: Robe              |     6 |    14 ||    20
  Dodge: Dodged            |    12 |    19 ||    31
  Block: Other             |       |    13 ||    13

Table legend: (Time is in decaauts)
 A = Elapsed time spent in this place.
 B = Non-inter-level travel time spent in this place.
 C = Inter-level travel time spent in this place.
 D = Time resting spent in this place.
 E = Time spent auto-exploring this place.
 F = Levels seen in this place.
 G = Mean time per level.
                   A        B        C        D        E       F      G
               +--------+--------+--------+--------+--------+-----+--------+
         Total |   3584 |   3520 |     64 |      0 |   2950 |   5 |  716.8 |
       Dungeon |   3584 |   3520 |     64 |      0 |   2950 |   5 |  716.8 |
               +--------+--------+--------+--------+--------+-----+--------+

Top non-repeatable levels by time:
     D:4: 1255 daAuts
     D:2: 932 daAuts
     D:1: 752 daAuts
     D:3: 611 daAuts
     D:5: 33 daAuts
